 Dungeon Crawl Stone Soup version 0.22.1 (webtiles) character file.

13258 troglodite the Carver (level 11, -5/89 HPs)
             Began as a Demonspawn Berserker on Sept 14, 2018.
             Was a High Priest of Trog.
             Slain by a hell rat (8 damage)
             ... summoned by a deep elf mage
             ... on level 10 of the Dungeon on Sept 17, 2018.
             The game lasted 00:27:22 (8189 turns).

troglodite the Carver (Demonspawn Berserker)        Turns: 8189, Time: 00:27:24

Health: -5/89      AC: 24    Str: 24    XL:     11   Next: 73%
Magic:  0/11       EV:  9    Int:  9    God:    Trog [*****.]
Gold:   567        SH:  0    Dex: 17    Spells: 10/10 levels left

rFire    + + .     SeeInvis .   B - +3 double sword (venom)
rCold    . . .     Gourm    .   i - +0 buckler
rNeg     . . .     Faith    .   D - +0 plate armour
rPois    .         Spirit   +   v - +0 helmet
rElec    .         Reflect  .   e - +0 cloak
rCorr    .         Harm     .   K - +2 pair of gloves {Str+3}
MR       .....                  (no boots)
Stlth    ..........             (no amulet)
HPRegen  0.24/turn              j - +5 ring of dexterity
MPRegen  0.24/turn              H - ring of protection from fire

@: confused, sanguine armour, berserk cooldown, slowed, heavily drained, very
slow
A: talons 2, fire resistance 1, magic shield, magic regeneration, sanguine
armour 1
a: Berserk, Trog's Hand, Brothers in Arms, Renounce Religion


You were on level 10 of the Dungeon.
You worshipped Trog.
Trog was extremely pleased with you.
You were hungry.

You visited 1 branch of the dungeon, and saw 10 of its levels.

You collected 567 gold pieces.

Inventory:

Hand Weapons
 w - a +6 falchion
 B - a +3 double sword of venom (weapon)
 I - a +1 scimitar of flaming
Armour
 e - a +0 cloak (worn)
 i - a +0 buckler (worn)
 v - a +0 helmet (worn)
 D - a +0 plate armour (worn)
 K - a +2 pair of gloves of strength (worn)
Jewellery
 j - a +5 ring of dexterity (left hand)
 H - a ring of protection from fire (right hand)
Wands
 n - a wand of paralysis (18)
 r - a wand of polymorph (8)
Scrolls
 a - a scroll of enchant weapon
 b - a scroll of enchant armour {unknown}
 f - a scroll of noise {unknown}
 l - 4 scrolls of remove curse
 o - 3 scrolls of magic mapping {unknown}
 q - a scroll of amnesia {unknown}
 u - a scroll of fog {unknown}
 y - 2 scrolls of teleportation {unknown}
 A - 2 scrolls of blinking {unknown}
 C - a scroll of fear {unknown}
 F - a scroll of holy word {unknown}
Potions
 d - a potion of cancellation
 g - 7 potions of brilliance
 h - a potion of heal wounds
 k - 3 potions of berserk rage
 m - a potion of invisibility
 p - a potion of resistance
 s - 3 potions of flight
 t - 2 potions of lignification
 x - a potion of magic
 z - a potion of haste
 E - 4 potions of curing {unknown}
Comestibles
 c - 36 rations


   Skills:
 * Level 9.4(6.7) Fighting
 + Level 9.9(7.1) Long Blades
 * Level 8.2(5.6) Armour
 * Level 7.1(4.5) Dodging
 * Level 6.2(3.7) Shields


You had 10 spell levels left.
You didn't know any spells.
Your spell library contained the following spells:

 Spells                   Type           Power        Failure   Level  Hunger
 Dragon Form              Tmut           #.........   100%        7    #######
 Orb of Destruction       Conj           #.........   100%        7    #######
 Ring of Flames           Chrm/Fire      #.........   100%        7    #######
 Spellforged Servitor     Conj/Summ      #.........   100%        7    #######


Dungeon Overview and Level Annotations

Branches:
Dungeon (10/15)            Temple (0/1) D:7            Lair (0/6) D:8
    Orc (0/2) D:9

Altars:
Ashenzari
Cheibriados
Fedhas
Gozag
Kikubaaqudgha
Nemelex Xobeh
Okawaru
Sif Muna
Wu Jian
The Shining One


Innate Abilities, Weirdness & Mutations

You have razor-sharp toenails.
Your flesh is heat resistant. (rF+)
When hurt, damage is shared between your health and your magic reserves.
You regenerate magic rapidly.
When seriously injured, your bleeding wounds create armour. (AC +6)


Message History

You feel drained.
* * * LOW HITPOINT WARNING * * *
The hellwing hits you.
* * * LOW HITPOINT WARNING * * *
The hellwing closely misses you.
You feel much better.
The redback bites you but does no damage.
The tarantella bites you!
* * * LOW HITPOINT WARNING * * *
You are confused.
The hell rat bites you!
* * * LOW HITPOINT WARNING * * *
You feel drained.
* * * LOW HITPOINT WARNING * * *
The demonic crawler hits you.
* * * LOW HITPOINT WARNING * * *
The demonic crawler barely misses you.
The demonic crawler hits you but does no damage.
The hell rat bites you!
You die...

####..#.#......#
##.....#.#......##..
##......#.#..........
#.........#....#....#
#....................#
#....####....##......#
##### #....##......#
##...†s.s....=#
#...#.r@e####
#....%rs4......
.................
.................
##...............
#...............
.....###.........
...## #......... ##.
#......


You could see a demonic crawler, a hellwing, a deep elf mage, a tarantella, a
redback and 2 hell rats.

Vanquished Creatures
  Erica (D:9)
  A two-headed ogre (D:5)
  2 death yaks (D:8)
  A fire crab (shapeshifter) (D:8)
  Pikel (D:9)
  The ghost of poxu the Stinger, a novice NaVM of Cheibriados (D:5)
  2 trolls
  A hippogriff (D:8)
  Sigmund (D:2)
  A wraith (D:9)
  Grum (D:9)
  A hungry ghost (D:7)
  A vampire mosquito (D:10)
  An acid dragon (D:8)
  3 ice beasts
  3 orc warriors
  A sky beast (D:5)
  2 slaves (D:9)
  5 black bears
  An eye of draining (D:9)
  2 necrophages
  7 phantoms
  A hornet zombie (D:9)
  9 ogres
  3 wolves (D:9)
  A boggart (D:10)
  5 centaurs
  3 bullfrogs
  A wyvern zombie (D:9)
  A water moccasin zombie (D:8)
  7 wights
  10 killer bees (D:8)
  3 vampire bats (D:8)
  5 crimson imps
  A quasit (D:6)
  A bullfrog zombie (D:6)
  7 hounds
  7 orc wizards
  3 orc priests
  A hell rat (D:8)
  Terence (D:2)
  4 iguanas
  8 worker ants
  A killer bee zombie (D:5)
  A hound zombie (D:7)
  3 hound skeletons
  Robin (D:3)
  A howler monkey skeleton (D:8)
  13 adders
  A river rat (D:8)
  A shadow imp (D:8)
  An adder skeleton (D:6)
  A worm (D:5)
  A dart slug (D:4)
  An adder simulacrum (D:8)
  4 leopard geckos
  36 orcs
  4 bat skeletons (D:8)
  2 bat zombies (D:8)
  6 giant cockroaches
  9 hobgoblins
  11 jackals
  5 quokkas
  A ball python (D:1)
  4 bats
  6 frilled lizards
  11 goblins
  A jackal zombie (D:7)
  4 kobolds
  6 rats
258 creatures vanquished.

Vanquished Creatures (collateral kills)
  A fire dragon (D:8)
  A centaur warrior (D:8)
  A death yak (D:8)
  A deep troll (D:8)
  A wolf spider (D:8)
  A hornet (D:8)
  A queen bee (D:8)
  A centaur (D:8)
  5 killer bees (D:8)
  2 orc wizards (D:8)
  A hell rat (D:8)
  5 orcs (D:8)
  A jackal (D:8)
  A quokka skeleton (D:8)
  A rat (D:8)
24 creatures vanquished.

Vanquished Creatures (others)
  2 bushes (D:9)
  2 plants (D:4)
4 creatures vanquished.

Grand Total: 286 creatures vanquished

Notes
Turn   | Place    | Note
-------+----------+-------------------------------------------
     0 | D:1      | troglodite the Demonspawn Berserker began the quest for the
                  | Orb.
     0 | D:1      | Reached XP level 1. HP: 18/18 MP: 1/1
   297 | D:1      | Gained mutation: You have sharp toenails. [demonic
                  | ancestry]
   297 | D:1      | Reached XP level 2. HP: 24/24 MP: 2/2
   688 | D:1      | Reached ** piety under Trog
   712 | D:2      | Noticed Terence
   721 | D:2      | Killed Terence
   721 | D:2      | Gained mutation: When hurt, damage is shared between your
                  | health and your magic reserves. [demonic ancestry]
   721 | D:2      | Reached XP level 3. HP: 30/30 MP: 3/3
   972 | D:2      | Noticed Sigmund
   979 | D:2      | Killed Sigmund
   979 | D:2      | Reached skill level 1 in Shields
   979 | D:2      | Gained mutation: You regenerate magic rapidly. [demonic
                  | ancestry]
   979 | D:2      | Reached XP level 4. HP: 38/38 MP: 4/4
   979 | D:2      | Reached XP level 5. HP: 43/43 MP: 5/5
  1306 | D:3      | Noticed Robin
  1336 | D:3      | Killed Robin
  1385 | D:3      | Gained mutation: Your flesh is heat resistant. (rF+)
                  | [demonic ancestry]
  1385 | D:3      | Reached XP level 6. HP: 48/49 MP: 6/6
  1680 | D:3      | Found a deep blue altar of Sif Muna.
  2053 | D:4      | Gained mutation: When seriously injured, your bleeding
                  | wounds create armour. (AC +6) [demonic ancestry]
  2053 | D:4      | Reached XP level 7. HP: 21/55 MP: 7/7
  2268 | D:4      | Reached *** piety under Trog
  2355 | D:4      | Reached skill level 5 in Fighting
  2361 | D:4      | Found an iron altar of Okawaru.
  2824 | D:5      | Entered Level 5 of the Dungeon
  2870 | D:5      | Noticed a two-headed ogre
  2876 | D:5      | Killed a two-headed ogre
  2876 | D:5      | Reached skill level 5 in Long Blades
  2876 | D:5      | Reached skill level 5 in Armour
  2876 | D:5      | Reached XP level 8. HP: 64/64 MP: 8/8
  3190 | D:5      | Found a runed door.
  3197 | D:5      | Noticed poxu's ghost (novice NaVM)
  3209 | D:5      | Killed poxu's ghost
  3209 | D:5      | Reached XP level 9. HP: 70/70 MP: 7/9
  3828 | D:6      | Upgraded the game from 0.22.0-75-g3901e79 to
                  | 0.22.0-78-g6c94d2c
  3871 | D:6      | Found an iron altar of Okawaru.
  3935 | D:6      | Reached **** piety under Trog
  3958 | D:6      | Found a shattered altar of Ashenzari.
  3980 | D:6      | Upgraded the game from 0.22.0-78-g6c94d2c to 0.22.1
  4176 | D:6      | Reached skill level 5 in Dodging
  4793 | D:7      | Received a gift from Trog
  4826 | D:7      | Gained mutation: You have razor-sharp toenails. [demonic
                  | ancestry]
  4826 | D:7      | Reached XP level 10. HP: 74/79 MP: 10/10
  4892 | D:6      | Found a glowing golden altar of the Shining One.
  4986 | D:7      | Reached ***** piety under Trog
  5036 | D:7      | Found an opulent altar of Gozag.
  5036 | D:7      | Found a sparkling altar of Nemelex Xobeh.
  5165 | D:7      | You fall through a shaft!
  5259 | D:8      | Received a gift from Trog
  5724 | D:8      | Reached skill level 5 in Shields
  5984 | D:7      | Found a staircase to the Ecumenical Temple.
  6022 | D:7      | Found an ornate altar of the Wu Jian Council.
  6190 | D:8      | Noticed a death yak
  6190 | D:8      | Noticed a death yak
  6191 | D:8      | Found a staircase to the Lair.
  6192 | D:8      | Noticed a death yak
  6209 | D:8      | Killed a death yak
  6213 | D:8      | Killed a death yak
  6239 | D:8      | HP: 2/82 [death yak (7)]
  6240 | D:8      | Killed a death yak
  6240 | D:8      | Reached XP level 11. HP: 2/87 MP: 2/11
  6813 | D:8      | Received a gift from Trog
  6826 | D:8      | Found an ancient bone altar of Kikubaaqudgha.
  7022 | D:8      | Found a runed door.
  7022 | D:8      | Noticed a centaur warrior
  7022 | D:8      | Noticed a deep troll
  7024 | D:8      | Noticed a wolf spider
  7024 | D:8      | Noticed a fire dragon
  7029 | D:8      | Killed a centaur warrior
  7031 | D:8      | Noticed a fire crab
  7031 | D:8      | a tarantella changed into a fire crab
  7031 | D:8      | Killed a wolf spider
  7043 | D:8      | Killed a fire crab
  7050 | D:8      | Killed a fire dragon
  7051 | D:8      | Killed a deep troll
  7071 | D:8      | Identified The Testament of the Deep Elf Lorekeeper
  7438 | D:9      | Found a blossoming altar of Fedhas.
  7594 | D:9      | Noticed Pikel
  7607 | D:9      | Killed Pikel
  7715 | D:9      | Found a staircase to the Orcish Mines.
  7856 | D:9      | Noticed Erica
  7865 | D:9      | Noticed Grum
  7870 | D:9      | Killed Erica
  7875 | D:9      | Killed Grum
  7876 | D:9      | Found a snail-covered altar of Cheibriados.
  8122 | D:10     | Entered Level 10 of the Dungeon
  8177 | D:10     | Noticed a deep elf mage
  8188 | D:10     | HP: 1/89 [hellwing[a deep elf mage] (4)]
  8189 | D:10     | Slain by a hell rat

Skill      XL: |  1  2  3  4  5  6  7  8  9 10 11 |
---------------+----------------------------------+-----
Long Blades    | 3 4 5 7 8 9 |  9.9
Armour         | 2 3 5 6 7 8 |  8.2
Dodging        | 2 3 4 5 6 7 |  7.1
Fighting       | 4 5 6 7 8 9 |  9.4
Shields        | 1 3 4 5 6 |  6.2

Action                   |  1- 3 |  4- 6 |  7- 9 | 10-12 || total
-------------------------+-------+-------+-------+-------++-------
Melee: Falchion          |    63 |   102 |   321 |    91 ||   577
       Kick              |    11 |    35 |   153 |   133 ||   332
       Double sword      |       |       |       |   197 ||   197
Invok: Berserk           |     2 |     3 |     7 |     4 ||    16
       Brothers in Arms  |       |       |       |     7 ||     7
  Use: Scroll            |       |       |       |    14 ||    14
       Potion            |       |       |       |     2 ||     2
 Stab: Distracted        |       |       |       |     1 ||     1
  Eat: Chunk             |     1 |     7 |    13 |    15 ||    36
       Ration            |       |       |     1 |     1 ||     2
Armor: Animal skin       |     9 |       |       |       ||     9
       Ring mail         |     7 |    11 |       |       ||    18
       Chain mail        |       |    27 |    61 |       ||    88
       Plate armour      |       |       |    55 |   211 ||   266
Dodge: Dodged            |    41 |    32 |   124 |   176 ||   373
Block: Buckler           |     3 |    17 |    55 |   101 ||   176
       Rpst.: Falchion   |    10 |     7 |    38 |    24 ||    79
       Double sword      |       |       |       |    39 ||    39
